 Dungeon Crawl Stone Soup version 0.21-a0-509-gecc5317 (webtiles) character file.

7304 lemonriz the Carver (level 10, 0/102 HPs)
             Began as a Minotaur Fighter on Nov 29, 2017.
             Was a High Priest of Okawaru.
             Slain by an orc warrior (22 damage)
             ... in a bailey.
             The game lasted 00:20:41 (10843 turns).

lemonriz the Carver (Minotaur Fighter)             Turns: 10843, Time: 00:20:41

Health: 0/102      AC: 16    Str: 20    XL:     10   Next: 90%
Magic:  11/11      EV:  9    Int:  7    God:    Okawaru [*****.]
Gold:   409        SH: 13    Dex: 16    Spells: 9/9 levels left

rFire    . . .     SeeInvis .   I - +4 scimitar (curse)
rCold    + . .     Gourm    .   c - +1 shield
rNeg     + . .     Faith    .   O - +2 chain mail {rN+}
rPois    +         Spirit   .   t - +1 hat {MR+}
rElec    .         Reflect  .   (no cloak)
rCorr    .         Harm     .   q - +0 pair of gloves
MR       +....     Clarity  +   (no boots)
Stlth    ..........             s - amulet of magic regeneration
HPRegen  0.27/turn              F - ring of poison resistance
MPRegen  0.37/turn              D - ring of protection from cold

@: no status effects
A: retaliatory headbutt, hooves 1, horns 2, agile 1, clarity, clever 1, robust
1, evolution 1
a: Heroism, Finesse, Renounce Religion


You were in a bailey.
You worshipped Okawaru.
Okawaru was extremely pleased with you.
You were not hungry.

You visited 2 branches of the dungeon, and saw 11 of its levels.
You also visited: Ossuary and Bailey.

You collected 409 gold pieces.

Inventory:

Hand Weapons
 I - a cursed +4 scimitar (weapon)
Armour
 c - a +1 shield (worn)
 q - a +0 pair of gloves (worn)
 t - a +1 hat of magic resistance (worn)
 O - a +2 chain mail of positive energy (worn)
Jewellery
 l - an uncursed ring of flight
 p - an uncursed ring of fire
 s - an amulet of magic regeneration (around neck)
 D - a ring of protection from cold (right hand)
 F - a ring of poison resistance (left hand)
 J - a +3 ring of intelligence
 L - an uncursed amulet of the gourmand {unknown}
Wands
 a - a wand of iceblast (3)
 y - a wand of polymorph (9)
 G - a wand of random effects (13)
 K - a wand of flame (12)
 S - a wand of scattershot (5)
Scrolls
 b - a scroll of fog
 h - 4 scrolls of identify
 n - 4 scrolls of fear
 v - 10 scrolls of teleportation
 z - 2 scrolls of blinking
 C - 3 scrolls of remove curse
 N - a scroll of enchant armour
Potions
 d - 3 potions of invisibility
 e - 4 potions of cancellation
 j - 4 potions of resistance
 k - 2 potions of ambrosia
 m - 3 potions of brilliance
 o - a potion of heal wounds
 r - 4 potions of might
 w - 8 potions of curing
 A - a potion of lignification
 B - 5 potions of flight
 E - a potion of agility
 Q - a potion of berserk rage {unknown}
Books
 x - a book of Minor Magic

   Spells                             Type                      Level
   a - Magic Dart                     Conjuration                  1
   b - Blink                          Translocation                2
   c - Call Imp                       Summoning                    2
   d - Slow                           Hexes                        2
   e - Conjure Flame                  Conjuration/Fire             3
   f - Mephitic Cloud                 Conjuration/Poison/Air       3
 M - a book of Frost

   Spells                             Type                      Level
   a - Freeze                         Ice                          1
   b - Throw Frost                    Conjuration/Ice              2
   c - Ozocubu's Armour               Charms/Ice                   3
   d - Throw Icicle                   Conjuration/Ice              4
   e - Summon Ice Beast               Ice/Summoning                4
Comestibles
 f - 10 bread rations
 g - 5 meat rations
 i - 9 fruits
 u - 9 royal jellies


   Skills:
 + Level 10.0 Fighting
 + Level 10.1 Long Blades
 + Level 10.0 Armour
 - Level 4.4 Dodging
 + Level 10.1 Shields
 + Level 3.4 Invocations


You had 9 spell levels left.
You didn't know any spells.

Dungeon Overview and Level Annotations

Branches:
Dungeon (10/15)            Temple (1/1) D:5            Lair (0/6) D:10
    Orc: D:9-12

Altars:
Ashenzari
Dithmenos
Elyvilon
Fedhas
Hepliaklqana
Makhleb
Nemelex Xobeh
Okawaru
Ru
Sif Muna
Trog
Uskayaw
Xom
Yredelemnul
The Shining One

Shops:
D:7 ([   D:9 [


Innate Abilities, Weirdness & Mutations

You reflexively headbutt those who attack you in melee.
You have a pair of horns on your head.
You have large cloven feet.
You are agile. (Dex +2)
You possess an exceptional clarity of mind.
Your mind is acute. (Int +2)
You are robust. (+10% HP)
You evolve.


Message History

The orc warrior is almost dead.
You block the orc's attack.
The orc warrior shoots a bolt.
The bolt hits you.
* * * LOW HITPOINT WARNING * * *
You hit the orc warrior. You kick the orc warrior.
You kill the orc warrior!
Okawaru accepts your kill. The orc completely misses you.
The orc warrior shoots a bolt.
You block the bolt. The orc hits you with a trident.
* * * LOW HITPOINT WARNING * * *
Items here: ( ) [ † a bolt; a bardiche; a chain mail; an orc corpse The orc no longer looks unusually strong.
The orc warrior shoots a bolt.
The bolt misses you. The orc completely misses you.
The orc knight roars a battlecry!
The orcs go into a battle-frenzy!
The orc warrior unwields an uncursed arbalest.
The orc warrior hits you!!
You die...

### ### #
##∩###########.##
.##().##.....##..$#
..#)).#..≈≈≈..#..}#
≈...(...≈≈o≈≈.#.o.#
≈...(...≈.oo≈.(.@.#
≈....)).≈≈o≈≈.#..o#
(.#(.(#..≈≈≈..#.(?#
.##(.(##.....##..(#
# ##∩###########(##
### ###


You could see an orc knight, 3 orc warriors and 2 orcs.

Vanquished Creatures
  2 two-headed ogres
  An ugly thing (D:8)
  The ghost of Xiguana the Stinger, a novice SpVM of Vehumet (D:9)
  A hippogriff (D:8)
  A hungry ghost (D:9)
  2 steam dragons
  Menkaure (D:7)
  Edmund (D:3)
  A water moccasin (D:9)
  2 hell hounds (D:10)
  A hornet zombie (Ossuary)
  8 orc warriors
  An ice beast (D:5)
  A black bear (D:8)
  A phantom (D:6)
  3 sky beasts
  A necrophage (D:9)
  2 ogres
  2 centaurs
  A big kobold (D:10)
  6 bullfrogs
  2 wyvern zombies
  4 killer bees (D:8)
  3 wights (D:8)
  A howler monkey (D:5)
  5 crimson imps
  6 bullfrog zombies (Ossuary)
  A quasit (D:6)
  2 hounds
  6 orc wizards
  An orc priest (D:8)
  A bullfrog skeleton (D:5)
  8 mummies (Ossuary)
  A centaur skeleton (D:6)
  3 iguanas
  Ijyb (D:4)
  6 worker ants
  2 killer bee zombies
  3 hound zombies (Ossuary)
  6 worker ant zombies
  2 howler monkey zombies (Ossuary)
  7 gnolls
  6 adders
  2 shadow imps
  An ooze (D:7)
  An adder skeleton (D:6)
  4 worms
  3 dart slugs
  8 leopard geckos
  37 orcs
  A ball python (D:4)
  5 bats
  3 giant cockroaches
  14 goblins
  5 hobgoblins
  8 jackals
  7 quokkas
  8 frilled lizards
  A giant cockroach zombie (Ossuary)
  A jackal zombie (Ossuary)
  14 kobolds
  2 leopard gecko zombies
  A quokka skeleton (D:6)
  4 quokka zombies
  10 rats
257 creatures vanquished.

Notes
Turn   | Place    | Note
-------+----------+-------------------------------------------
     0 | D:1      | lemonriz the Minotaur Fighter began the quest for the Orb.
     0 | D:1      | Reached XP level 1. HP: 19/19 MP: 0/0
    78 | D:1      | Reached XP level 2. HP: 26/27 MP: 1/1
   470 | D:1      | Reached XP level 3. HP: 33/33 MP: 2/2
   631 | D:2      | HP: 1/33 [gnoll/spear (6)]
   922 | D:2      | Reached XP level 4. HP: 40/40 MP: 3/3
   972 | D:2      | Found a faded altar of an unknown god.
  1569 | D:2      | Found a shimmering altar of Xom.
  1580 | D:2      | Found a sparkling altar of Nemelex Xobeh.
  1591 | D:2      | Found an iron altar of Okawaru.
  1692 | D:2      | Became a worshipper of Warmaster Okawaru
  1702 | D:2      | Found a shadowy altar of Dithmenos.
  2339 | D:3      | Found a hide-covered altar of Uskayaw.
  2341 | D:3      | Reached XP level 5. HP: 47/47 MP: 4/4
  2409 | D:3      | Found a blossoming altar of Fedhas.
  2735 | D:4      | Noticed a sky beast
  2749 | D:4      | Killed a sky beast
  2749 | D:4      | Reached skill level 5 in Long Blades
  2892 | D:4      | Found a hazy altar of Hepliaklqana.
  3175 | D:4      | Noticed Ijyb
  3196 | D:4      | Reached XP level 6. HP: 47/55 MP: 5/5
  3200 | D:4      | Killed Ijyb
  3200 | D:4      | Reached skill level 5 in Fighting
  3334 | D:4      | Reached skill level 5 in Armour
  3334 | D:4      | Reached skill level 5 in Shields
  3374 | D:4      | Noticed Edmund
  3397 | D:3      | HP: 2/56 [Edmund/dire flail of holy wrath (11)]
  3399 | D:3      | Gained mutation: You are robust. (+10% HP) [potion of mutation]
  3399 | D:3      | Gained mutation: You are agile. (Dex +2) [potion of mutation]
  3399 | D:3      | Gained mutation: You evolve. [potion of mutation]
  3838 | D:3      | Killed Edmund
  3838 | D:3      | Reached * piety under Okawaru
  4242 | D:5      | Entered Level 5 of the Dungeon
  4309 | D:5      | Found a shattered altar of Ashenzari.
  4309 | D:5      | Noticed a sky beast
  4324 | D:5      | Killed a sky beast
  4324 | D:5      | Reached XP level 7. HP: 25/67 MP: 6/6
  4553 | D:5      | Found a white marble altar of Elyvilon.
  4679 | D:5      | Found a staircase to the Ecumenical Temple.
  4689 | Temple   | Entered the Ecumenical Temple
  4867 | D:5      | Found a deep blue altar of Sif Muna.
  4896 | D:5      | Reached ** piety under Okawaru
  5044 | D:6      | Found a sacrificial altar of Ru.
  5094 | D:6      | Reached XP level 8. HP: 35/78 MP: 7/7
  6039 | D:6      | Found a glowing golden altar of the Shining One.
  6143 | D:7      | Found Plog's Antique Armour Emporium.
  6201 | D:7      | Noticed Menkaure
  6267 | D:6      | Gained mutation: Your mind is acute. (Int +2) [evolution]
  6408 | D:7      | Killed Menkaure
  6408 | D:7      | Reached *** piety under Okawaru
  6608 | D:7      | Found a sparkling altar of Nemelex Xobeh.
  6635 | D:7      | Found a sand-covered staircase.
  6640 | Ossuary  | Entered an ossuary
  6820 | Ossuary  | Reached XP level 9. HP: 88/88 MP: 8/8
  7150 | D:7      | Found Laniesi's Antique Weapon Shoppe.
  7257 | D:7      | Reached skill level 1 in Dodging
  7835 | D:7      | Found an iron altar of Okawaru.
  8464 | D:8      | Reached **** piety under Okawaru
  8972 | D:8      | Found a burning altar of Makhleb.
  8974 | D:8      | Found a basalt altar of Yredelemnul.
  9002 | D:9      | Noticed a green ugly thing
  9004 | D:9      | Noticed a two-headed ogre
  9004 | D:9      | Noticed Xiguana's ghost (novice SpVM)
  9399 | D:9      | Reached XP level 10. HP: 100/100 MP: 9/9
  9427 | D:9      | Killed a two-headed ogre
  9427 | D:9      | Reached ***** piety under Okawaru
  9427 | D:9      | Reached skill level 1 in Invocations
  9428 | D:9      | Found Vyett's Antique Armour Shoppe.
  9455 | D:8      | Killed a green ugly thing
  9764 | D:9      | Found a bloodstained altar of Trog.
  9867 | D:9      | Gained mutation: You possess an exceptional clarity of mind. [mutagenic meat]
  9896 | D:9      | Killed Xiguana's ghost
  9931 | D:9      | Gained mutation: You have large cloven feet. [evolution]
 10037 | D:10     | Entered Level 10 of the Dungeon
 10093 | D:10     | Noticed a two-headed ogre
 10100 | D:10     | Killed a two-headed ogre
 10194 | D:10     | Found a staircase to the Lair.
 10199 | D:10     | Identified a scroll of acquirement
 10228 | D:10     | Reached skill level 10 in Long Blades
 10280 | D:10     | Reached skill level 10 in Shields
 10319 | D:10     | Found a flagged portal.
 10329 | Bailey   | Entered a bailey
 10331 | Bailey   | Noticed an orc knight
 10346 | Bailey   | Received a gift from Okawaru
 10356 | Bailey   | Reached skill level 10 in Fighting
 10356 | Bailey   | Reached skill level 10 in Armour
 10375 | Bailey   | HP: 2/102 [orc warrior (15)]
 10843 | Bailey   | Slain by an orc warrior

Vault maps used:
D:1:      scummos_arrival_forest
D:2:      nicolae_overflow_quartered_altars, chequers_ecumenical_altar_simple,
          minmay_misc_feat_secret_circle
D:3:      eat_drink_and_be_merry_uskayaw, fedhas_altar_fruit_tree
D:4:      lemuel_round_altar, first_bread, uniq_ijyb, uniq_edmund
D:5:      ashenzari_conservatory_becter, elyvilon_altar_5,
          nicolae_overflow_hidden_temple, minmay_temple_entry_large_hall
D:6:      overflow_temple_1_default, kennysheep_little_box,
          columned_hall_lemuel, grunt_decor_cap
D:7:      basic_altar, serial_shops, shop, nicolae_shop_overgrown_old_shop,
          lightli_ossuary_entry_decrepit_ruins,
          nemelex_xobeh_ov_fountains_minmay, uniq_menkaure
D:8:      minitemple
D:9:      marbit_many_paths, serial_shops, nicolae_shop_overgrown_old_shop
D:10:     minmay_lair_entry_lava, enter_bailey_3, basic_altar, uniq_harold
Temple:   corrupted_temple
Ossuary:  ossuary_zaba_flooded
Bailey:   bailey_polearm_4, bailey

Skill      XL: |  1  2  3  4  5  6  7  8  9 10 |
---------------+-------------------------------+-----
Long Blades    | 3 4 5 6 7 9 10 | 10.1
Fighting       | 4 5 6 7 9 10 | 10.0
Shields        | 4 5 6 7 9 10 | 10.1
Armour         | 4 5 6 7 9 10 | 10.0
Dodging        | 3 4 |  4.4
Invocations    | 3 |  3.4

Action                   |  1- 3 |  4- 6 |  7- 9 | 10-12 || total
-------------------------+-------+-------+-------+-------++-------
Melee: Long sword        |    74 |   209 |   374 |       ||   657
       Headbutt          |     7 |    32 |   103 |    32 ||   174
       Unarmed           |       |    12 |       |       ||    12
       Scimitar          |       |       |    85 |   155 ||   240
       Kick              |       |       |       |    26 ||    26
Invok: Heroism           |       |       |     2 |     1 ||     3
  Use: Scroll            |       |     5 |    10 |     3 ||    18
       Potion            |       |     7 |     1 |     1 ||     9
  Eat: Chunk             |       |    11 |    14 |     6 ||    31
       Fruit             |       |       |     4 |       ||     4
       Meat ration       |       |       |       |     1 ||     1
Armor: Scale mail        |    25 |    19 |       |       ||    44
       Chain mail        |       |    62 |   173 |    54 ||   289
       Skin              |       |     4 |       |       ||     4
Dodge: Dodged            |    30 |    44 |    86 |    41 ||   201
Block: Shield            |    35 |    93 |   239 |   109 ||   476
       Rpst.: Long sword |     7 |     7 |    17 |       ||    31
       Scimitar          |       |       |     7 |     4 ||    11

Table legend:
 A = Spawn XP
 B = Non-spawn XP
 C = Spawn XP percentage of total XP
 D = Spawn monster count
 E = Non-spawn monster count
 F = Spawn count percentage of total count
 G = Total turns spent on level
                    A         B        C        D         E        F      G
               +---------+---------+-------+---------+---------+-------+---------
         Total |       0 |   10435 |   0.0 |       0 |     257 |   0.0 | 10843
               +---------+---------+-------+---------+---------+-------+---------
           D:1 |       0 |      58 |   0.0 |       0 |      28 |   0.0 |   861
           D:2 |       0 |     119 |   0.0 |       0 |      28 |   0.0 |  1130
           D:3 |       0 |     206 |   0.0 |       0 |      17 |   0.0 |   796
           D:4 |       0 |     288 |   0.0 |       0 |      13 |   0.0 |  1455
           D:5 |       0 |     556 |   0.0 |       0 |       9 |   0.0 |   731
           D:6 |       0 |     873 |   0.0 |       0 |      26 |   0.0 |  1318
           D:7 |       0 |     622 |   0.0 |       0 |      23 |   0.0 |  1444
           D:8 |       0 |    2478 |   0.0 |       0 |      42 |   0.0 |  1374
           D:9 |       0 |    2173 |   0.0 |       0 |      11 |   0.0 |   444
          D:10 |       0 |    1504 |   0.0 |       0 |      22 |   0.0 |   292
       Ossuary |       0 |     882 |   0.0 |       0 |      33 |   0.0 |   482
        Bailey |       0 |     676 |   0.0 |       0 |       5 |   0.0 |   514
               +---------+---------+-------+---------+---------+-------+---------
